 Dungeon Crawl Stone Soup version 0.23.2-1-ga50397a (webtiles) character file.

Game seed: 13233869635394762769

74 diana the Ducker (level 4, -1/34 HPs)
             Began as a Demonspawn Gladiator on May 1, 2019.
             Was an Initiate of Ashenzari.
             Slain by a crimson imp (2 damage)
             ... summoned by Natasha
             ... on level 1 of the Dungeon.
             The game lasted 00:02:21 (1579 turns).

diana the Ducker (Demonspawn Gladiator)             Turns: 1579, Time: 00:02:22

Health: -1/34      AC:  4    Str: 15    XL:     4   Next: 10%
Magic:  4/4        EV: 13    Int: 10    God:    Ashenzari [......]
Gold:   118        SH:  0    Dex: 14    Spells: 3/3 levels left

rFire    . . .     SeeInvis .   a - +0 war axe
rCold    . . .     Gourm    .   (no shield)
rNeg     . . .     Faith    .   b - +0 leather armour
rPois    .         Spirit   .   c - +0 helmet
rElec    .         Reflect  .   (no cloak)
rCorr    .         Harm     .   (no gloves)
MR       .....                  (no boots)
Stlth    +.........             (no amulet)
HPRegen  0.11/turn              (no ring)
MPRegen  0.09/turn              (no ring)

@: flying, invisible
A: spiny 1
a: Curse Item, Renounce Religion


You were on level 1 of the Dungeon.
You worshipped Ashenzari.
Ashenzari was noncommittal.
You were not hungry.

You visited 1 branch of the dungeon, and saw 2 of its levels.

You collected 118 gold pieces.

Inventory:

Hand Weapons
 a - a +0 war axe (weapon)
Missiles
 d - 3 throwing nets (quivered)
Armour
 b - a +0 leather armour (worn)
 c - a +0 helmet (worn)
Scrolls
 e - a scroll of identify {unknown}
 g - 3 scrolls of remove curse
 j - 2 scrolls of fog {unknown}
 l - a scroll of teleportation {unknown}
Potions
 m - a potion of lignification {unknown}
Comestibles
 f - 4 rations


   Skills:
 + Level 2.7 Fighting
 + Level 3.2 Axes
 - Level 1.7 Throwing
 + Level 1.4 Armour
 + Level 3.2 Dodging


You had 3 spell levels left.
You didn't know any spells.
Your spell library was empty.

Dungeon Overview and Level Annotations

Branches:
Dungeon (2/15)

Altars:
Ashenzari
Zin

Annotations:
D:1 Natasha


Innate Abilities, Weirdness & Mutations

You are partially covered in sharp spines.


Message History

Natasha casts a spell at you. The magic dart hits you!
* * * LOW HITPOINT WARNING * * *
It was a potion of flight.
You feel very buoyant.
You fly up into the air.
The frilled lizard misses you. Natasha misses you.
It was a potion of magic.
Magic courses through your body. The frilled lizard misses you.
The crimson imp is struck by your spines.
The crimson imp closely misses you.
Natasha wildly gestures.
Natasha shimmers violently.
Natasha claws you.
* * * LOW HITPOINT WARNING * * *
It was a potion of invisibility.
You fade into invisibility!
The frilled lizard bites you but does no damage.
The crimson imp is struck by your spines.
The crimson imp hits you.
You die...

.......######### #
...............# ################
...............# #>..............
)†.............###.##############
.................................
.................................
...).##...............###########
#.....#........lh5....##
###.#.#.........@......#
#.#.###.....#........###
#.#.####...............##
###...##...............#..#
................)).....##.#
...†......................###
.......................##...###
.......................##.....#
....[....#.............###.##.#


You could see Natasha, a crimson imp and a frilled lizard.

Vanquished Creatures
  An adder (D:2)
  An ooze (D:1)
  3 worms (D:2)
  2 dart slugs (D:1)
  A leopard gecko (D:2)
  12 goblins
  9 hobgoblins
  A ball python (D:2)
  5 bats
  A frilled lizard (D:1)
  6 kobolds
  3 rats
45 creatures vanquished.

Notes
Turn   | Place    | Note
-------+----------+-------------------------------------------
     0 | D:1      | diana the Demonspawn Gladiator began the quest for the Orb.
     0 | D:1      | Reached XP level 1. HP: 16/16 MP: 1/1
   199 | D:1      | Gained mutation: You are partially covered in sharp spines.
                  | [demonic ancestry]
   199 | D:1      | Reached XP level 2. HP: 18/22 MP: 2/2
   508 | D:1      | Reached skill level 1 in Armour
   626 | D:1      | Reached XP level 3. HP: 27/28 MP: 3/3
   838 | D:2      | Found a shattered altar of Ashenzari.
   898 | D:2      | Became a worshipper of Ashenzari the Shackled
  1033 | D:2      | Found a glowing silver altar of Zin.
  1371 | D:2      | Reached XP level 4. HP: 13/34 MP: 4/4
  1567 | D:2      | Noticed Natasha
  1578 | D:1      | HP: 1/34 [Natasha (3)]
  1579 | D:1      | Slain by a crimson imp

Skill      XL: |  1  2 |
---------------+-------+-----
Dodging        | 3 |  3.2
Axes           | 3 |  3.2
Armour         | 1 |  1.4
Fighting       | |  2.7
Throwing       | |  1.7

Action                   |  1- 3 |  4- 6 || total
-------------------------+-------+-------++-------
Melee: War axe           |    81 |     8 ||    89
  Use: Potion            |     1 |     3 ||     4
  Eat: Chunk             |       |     2 ||     2
Armor: Leather armour    |    29 |     2 ||    31
Dodge: Dodged            |    62 |    11 ||    73
